Map: Tokamak LE

Players

jeannysu

  • Race: Zerg Zerg
  • Spawn Location: 7:00

VOD

Have the link to the VOD?

Description

Time

  • Played on: Sept. 3, 2025, 7:20 a.m.
  • Length: 19:45
Show
View Real Time Build Order
Export as new Build Order

jeannysu Zerg 

Build Orders:  

Get SALT Encoding   

  12  0:04  Drone  
  13  0:17  Overlord  
  13  0:24  Drone  
  14  0:42  Drone x2  
  16  1:06  Hatchery  
  15  1:10  Drone  
  15  1:16  Drone  
  17  1:23  Drone  
  18  1:38  Extractor  
  17  1:44  Spawning Pool  
  17  1:47  Drone  
  17  1:51  Drone  
  18  2:05  Drone  
  19  2:24  Drone  
  20  2:51  Zergling x4  
  20  2:53  Queen x2  
  20  2:54  Drone  
  27  3:02  Overlord  
  27  3:15  Drone  
  28  3:29  Drone x2  
  30  3:35  Drone  
  31  3:51  Queen  
  31  3:55  Hatchery  
  31  3:59  Overlord  
  32  4:03  Metabolic Boost  
  32  4:22  Drone x2  
  32  4:25  Drone x2  
  32  4:26  Drone, Queen  
  39  4:43  Baneling Nest  
  39  4:47  Drone  
  39  4:49  Drone  
  40  4:51  Drone  
  41  5:10  Overlord  
  41  5:11  Drone x3  
  44  5:35  Queen  
  46  5:40  Drone, Queen  
  46  5:44  Drone  
  46  5:45  Drone x4  
  46  5:46  Lair  
  54  5:51  Drone x4  
  54  5:53  Overlord  
  58  6:10  Extractor  
  57  6:29  Extractor  
  56  6:36  Queen  
  56  6:38  Drone x3  
  61  6:41  Drone  
  61  6:42  Drone x2  
  61  6:44  Overlord x2  
  61  6:46  Zergling x4  
  66  6:55  Overseer  
  66  7:02  Centrifugal Hooks  
  66  7:16  Drone  
  66  7:17  Drone x2  
  69  7:23  Extractor  
  69  7:25  Evolution Chamber  
  69  7:28  Evolution Chamber  
  66  7:38  Zergling x2  
  66  7:39  Zergling x20  
  77  7:41  Overlord  
  77  7:54  Drone  
  77  7:55  Drone  
  77  7:56  Drone x3  
  82  8:16  Zerg Melee Weapons Level 1, Zerg Ground Armor Level 1  
  82  8:22  Overlord x2  
  82  8:24  Zergling x2  
  82  8:25  Zergling x10  
  88  8:38  Drone x3, Hydralisk Den  
  90  9:03  Drone x2  
  90  9:05  Drone  
  90  9:06  Drone  
  90  9:07  Drone  
  95  9:26  Infestation Pit  
  95  9:28  Hatchery  
  95  9:29  Overlord x3  
  93  9:30  Overlord  
  93  9:31  Zergling x6  
  93  9:32  Zergling x14  
  93  9:34  Baneling x4  
  93  9:35  Baneling x5  
  103  9:47  Pneumatized Carapace  
  103  9:52  Drone  
  104  10:02  Drone x3  
  104  10:03  Drone  
  104  10:09  Drone  
  109  10:10  Drone x3, Extractor  
  109  10:12  Zergling x2  
  109  10:13  Zergling x2, Extractor  
  112  10:36  Hydralisk x5  
  122  10:40  Overlord x3  
  122  10:41  Overlord  
  122  10:58  Baneling, Hive  
  122  10:59  Unknown, Baneling x6  
  122  11:26  Drone x5  
  122  11:27  Drone x9  
  136  11:32  Overlord x3  
  116  12:16  Zergling x2  
  116  12:17  Zergling x16  
  116  12:18  Zergling x16  
  114  12:23  Hydralisk  
  114  12:28  Unknown  
  116  12:33  Drone x3  
  119  13:07  Drone x2  
  121  13:14  Hydralisk  
  121  13:15  Zergling x10  
  121  13:16  Zergling x4  
  130  13:32  Drone  
  130  13:36  Overseer x4  
  131  13:42  Extractor x2  
  129  13:51  Hatchery  
  128  14:00  Zergling x2  
  128  14:01  Zergling x14  
  128  14:02  Zergling x12  
  142  14:13  Zerg Melee Weapons Level 2, Zerg Ground Armor Level 2  
  142  14:29  Zergling x2  
  143  14:30  Hydralisk x5  
  143  14:31  Hydralisk x5  
  143  14:36  Queen  
  165  15:00  Zergling x2  
  165  15:01  Zergling x30  
  165  15:03  Overlord  
  165  15:05  Baneling x3  
  165  15:06  Baneling x7  
  181  15:22  Zergling x2  
  181  15:23  Zergling x2  
  181  15:29  Overlord x4  
  183  15:59  Zergling x4  
  126  16:00  Zergling x28  
  118  16:16  Zergling x10  
  118  16:17  Zergling x12  
  121  16:27  Queen  
  121  16:28  Queen x2  
  121  16:29  Queen x2  
  119  16:42  Infestor x3  
  119  16:47  Baneling  
  119  16:48  Baneling x13  
  119  16:49  Baneling x10  
  123  16:56  Drone x3  
  126  17:02  Drone x3  
  126  17:03  Drone x2  
  131  17:11  Spire  
  131  17:13  Spire  
  129  17:35  Drone x4  
  129  17:38  Zergling x2  
  129  17:39  Zergling x28  
  148  17:40  Zergling x8  
  148  17:46  Zergling x2  
  148  17:47  Zergling x2  
  154  17:57  Zergling x8  
  154  17:58  Zergling x6  
  161  18:03  Zergling x2  
  161  18:04  Zergling x12  
  168  18:16  Extractor  
  167  18:42  Hatchery  
  166  18:56  Hydralisk x2  
  166  18:57  Hydralisk x10  
  166  18:58  Zergling x2  
  166  18:59  Zergling x18  
  200  19:00  Zergling x2, Hatchery  
  200  19:09  Extractor  
  199  19:10  Extractor  
Tags
 
Matchup
Co-op
Replay Pack
새 폴더
Add a new tag
Caveats
  • Supply blocks, unpowered buildings, or Contaminate may cause inaccurate times.
  • Supply counts are checked every 10 seconds.